 Dungeon Crawl Stone Soup version 0.30-a0-632-g346586fe48 (webtiles) character file.

Game seed: 17618877108939590369

156 wormed the Trooper (level 5, -1/47 HPs)
             Began as a Minotaur Fighter on Jan 13, 2023.
             Slain by an orc
             ... wielding a +0 trident
              (6 damage)
             ... on level 3 of the Dungeon.
             The game lasted 00:01:54 (1976 turns).

wormed the Trooper (Minotaur Fighter)               Turns: 1976, Time: 00:01:54

Health: -1/47      AC:  8    Str: 20    XL:     5   Next: 15%
Magic:  4/4        EV:  9    Int:  5    God:
Gold:   228        SH:  5    Dex: 12    Spells: 4/4 levels left

rFire   . . .      SeeInvis .    a - +0 war axe
rCold   . . .      Faith    .    c - +0 buckler
rNeg    . . .      Spirit   .    b - +0 scale mail
rPois   .          Reflect  .    (helmet restricted)
rElec   .          Harm     .    n - +0 cloak
rCorr   .          Rampage  .    (no gloves)
Will    .....                    (no boots) Stlth
                                 (no amulet)
HPRegen 0.27/turn                f - ring of flight
MPRegen 0.09/turn                (no ring)

@: flying
A: horns 2, retaliatory headbutt
a: no special abilities


You were on level 3 of the Dungeon.
You visited 1 branch of the dungeon, and saw 3 of its levels.

You collected 228 gold pieces.

Inventory:

Hand Weapons
 a - a +0 war axe (weapon)
Missiles
 m - 6 poisoned darts (quivered)
Armour
 b - a +0 scale mail (worn)
 c - a +0 buckler (worn)
 n - a +0 cloak (worn)
Jewellery
 f - a ring of flight (left hand)
 i - a +6 ring of intelligence
Wands
 e - a wand of charming (6)
 l - a wand of acid (12)
Scrolls
 h - 2 scrolls of teleportation
 o - a scroll of brand weapon {unknown}
 p - a scroll of silence {unknown}
 q - a scroll of immolation {unknown}
Potions
 d - 2 potions of might
 g - a potion of cancellation
 j - a potion of lignification {unknown}
 k - a potion of attraction {unknown}
 r - a potion of haste {unknown}


   Skills:
 + Level 4.5 Fighting
 * Level 4.5 Axes
 + Level 4.5 Armour
 + Level 4.4 Shields


You had 4 spell levels left.
You didn't know any spells.
Your spell library contained the following spells:

 Spells                   Type           Power      Damage    Failure   Level
 Call Canine Familiar     Summ           0%         N/A       99%         3
 Kindle Blastsparks       Fire/Tloc/Air  0%         2d10      99%         3
 Portal Projectile        Hex/Tloc       0%         N/A       99%         3
 Fulminant Prism          Conj/Hex       0%         3d5       100%        4
 Iskenderun's Mystic Bla  Conj/Tloc      0%         2d3       100%        4
 Leda's Liquefaction      Hex/Erth       0%         N/A       100%        4
 Lee's Rapid Deconstruct  Erth           0%         3d4*      100%        5


Dungeon Overview and Level Annotations

Branches:
Dungeon (3/15)

Altars:
Ashenzari
Gozag


Innate Abilities, Weirdness & Mutations

You have a pair of horns on your head.
You reflexively headbutt those who attack you in melee.


Message History

You are too confused!
You hit something.
Reactivating autopickup.
You feel a bit more experienced.
You have reached level 5!
You bump into the rock wall.
The orc closely misses you.
You hit the orc.
The orc is severely wounded.
The orc closely misses you. The orc hits you but does no damage.
You bump into the rock wall.
The orc barely misses you.
You bump into the rock wall.
The orc hits you but does no damage.
You barely miss the orc.
The orc is severely wounded.
You feel less confused. The orc barely misses you.
You slash the orc!
You kill the orc!
The giant cockroach bites you but does no damage.
You hit the giant cockroach.
The giant cockroach is moderately wounded.
The giant cockroach bites you but does no damage.
You hit the giant cockroach.
You kill the giant cockroach!
The orc priest casts a cantrip, but nothing happens.
The orc priest hits you but does no damage.
The orc hits you but does no damage.
Items here: ))) [ †††.
You barely miss the orc priest.
The orc priest mumbles some strange prayers to Beogh against you.
Beogh smites you!
The orc hits you from afar with a +0 trident.
You hit the orc priest. You headbutt the orc priest!
The orc priest is heavily wounded.
The orc priest hits you with a +0 hand axe.
You block the orc's attack.
The orc priest mumbles some strange prayers to Beogh against you.
Beogh smites you!
* * * LOW HITPOINT WARNING * * *
The orc hits you from afar with a +0 trident.
You die...

###..#.## ##.......## ##.##.#
........####.........####...#.#
...........+.........+........#
..#.#...####.........####...#.#
#.#.##.## #.......# ##.##.##
#.#.#### #.....# ##....##
.....## #.o.# #....#.#
#.#.#.####### #o# ##..#.##
#.#.#.......# #@# #.#.##
....#.#####.# #.# #.### ......#
#.####.## #.# .##.#.#
#.......## #.# ###.#.#
#.##.....# #.# #
#.#.#####.###...#########.#
#...†.....# #.>...>.......#
########### ##.############ #.#


You could see an orc priest and an orc.

Vanquished Creatures
  An orc priest (D:3)
  An orc wizard (D:3)
  Robin (D:3)
  An adder (D:2)
  2 worms
  2 dart slugs
  5 orcs (D:3)
  7 bats
  2 endoplasms (D:1)
  3 giant cockroaches
  9 goblins
  7 hobgoblins
  6 jackals
  3 quokkas
  6 ball pythons
  2 frilled lizards
  2 kobolds
  2 rats
62 creatures vanquished.

Notes
Turn   | Place    | Note
-------+----------+-------------------------------------------
     0 | D:1      | wormed the Minotaur Fighter began the quest for the Orb.
     0 | D:1      | Reached XP level 1. HP: 19/19 MP: 0/0
   209 | D:1      | Reached XP level 2. HP: 27/27 MP: 1/1
   781 | D:2      | Reached XP level 3. HP: 33/33 MP: 2/2
  1275 | D:3      | Found a broken altar of Ashenzari.
  1285 | D:3      | Found an opulent altar of Gozag.
  1299 | D:3      | Noticed Robin
  1306 | D:3      | Killed Robin
  1307 | D:3      | Reached XP level 4. HP: 37/40 MP: 3/3
  1966 | D:3      | Reached XP level 5. HP: 30/47 MP: 4/4
  1976 | D:3      | Slain by an orc

Illustrated notes

Levels and vault maps discovered:
D:1:      minmay_arrival_loop, layout_loops_ring
D:2:      layout_basic
D:3:      layout_loops_corners, mainiacjoe_overflow_small_starburst,
          cheibrodos_ashenzari_chains, columned_hall_lemuel, uniq_robin

Skill      XL: |  1  2  3  4 |
---------------+-------------+-----
Axes           | 3 4 |  4.5
Armour         | 4 |  4.5
Fighting       | 4 |  4.5
Shields        | 4 |  4.4

Action                   |  1- 3 |  4- 6 || total
-------------------------+-------+-------++-------
Melee: War axe           |    93 |    46 ||   139
       Headbutt          |     9 |     5 ||    14
  Use: Scroll            |     2 |       ||     2
Armor: Scale mail        |    50 |    24 ||    74
Dodge: Dodged            |    45 |    16 ||    61
Block: Buckler           |    32 |     9 ||    41

Table legend: (Time is in decaauts)
 A = Elapsed time spent in this place.
 B = Non-inter-level travel time spent in this place.
 C = Inter-level travel time spent in this place.
 D = Time resting spent in this place.
 E = Time spent auto-exploring this place.
 F = Levels seen in this place.
 G = Mean time per level.
                   A        B        C        D        E       F      G
               +--------+--------+--------+--------+--------+-----+--------+
         Total |   2026 |   2004 |     22 |      0 |   1615 |   3 |  675.3 |
       Dungeon |   2026 |   2004 |     22 |      0 |   1615 |   3 |  675.3 |
               +--------+--------+--------+--------+--------+-----+--------+

Top non-repeatable levels by time:
     D:3: 784 daAuts
     D:1: 714 daAuts
     D:2: 527 daAuts
